[ AOE2 MATCH · #479250784 ]
1v1 EWSicilians vs Portuguese
Player's team · LOSS
[ REPLAY ANALYSIS · EXTRACTED FROM THE RECORDED GAME ]
Feudal
—
Castle
—
Imperial
—
| APM avg | 24.0 |
| APM peak | 35 |
| eAPM avg | 13.3 |
| Villagers / military | 11 / 20 |
Focus
⚔️ 32.0% · 🌾 68.0%
Serjeant ×12 · Skirmisher ×8
Feudal
—
Castle
10:03
Imperial
—
| APM avg | 45.0 |
| APM peak | 61 |
| eAPM avg | 19.7 |
| Villagers / military | 17 / 23 |
Focus
⚔️ 36.2% · 🌾 63.8%
Archer ×23
Match map
Initial resources + every placement click. Lines = walls · curves = elevation contours. ◆ gold · ⬟ stone · ● berries · ✦ relic · ◌ wall gap
Your base
Sanwald's base· Open — unwalled flank
Smoothed initial terrain · ◌ = detected wall gap · hover for details
Inputs per minute
— Luis Jamoninton - - Sanwald
Build order — Luis Jamoninton
54 actions detected in the replay
| 0:04 | Create | Villager (Male) |
| 0:04 | Create | Villager (Male) |
| 0:12 | Research | Double-Bit Axe |
| 0:15 | Build | House |
| 0:23 | Build | Donjon |
| 0:41 | Build | House |
| 0:42 | Build | House |
| 0:46 | Create | Villager (Male) |
| 1:14 | Build | Mining Camp |
| 1:15 | Create | Serjeant |
| 1:15 | Create | Serjeant |
| 1:33 | Create | Villager (Male) |
| 1:45 | Build | House |
| 1:47 | Build | House |
| 2:03 | Create | Serjeant |
| 2:03 | Create | Serjeant |
| 2:31 | Create | Villager (Male) |
| 2:37 | Build | Market |
| 2:41 | Build | House |
| 2:45 | Create | Villager (Male) |
| 2:50 | Create | Serjeant |
| 3:07 | Build | Mining Camp |
| 3:20 | Create | Serjeant |
| 3:20 | Create | Serjeant |
| 4:14 | Build | Farm |
| 4:15 | Build | Farm |
| 4:40 | Build | Donjon |
| 4:48 | Build | House |
| 4:49 | Build | House |
| 4:51 | Create | Villager (Male) |
| 4:51 | Create | Villager (Male) |
| 4:53 | Build | Farm |
| 4:55 | Build | Farm |
| 4:56 | Build | Farm |
| 5:20 | Build | Farm |
| 6:35 | Build | Archery Range |
| 6:37 | Build | Archery Range |
| 6:56 | Create | Serjeant |
| 6:56 | Create | Serjeant |
| 7:10 | Create | Villager (Male) |
| 7:10 | Create | Villager (Male) |
| 7:28 | Create | Skirmisher |
| 7:39 | Create | Serjeant |
| 7:40 | Create | Serjeant |
| 7:42 | Create | Serjeant |
| 8:05 | Create | Skirmisher |
| 8:13 | Create | Skirmisher |
| 8:55 | Create | Skirmisher |
| 8:55 | Create | Skirmisher |
| 8:55 | Create | Skirmisher |
| 9:16 | Create | Villager (Male) |
| 9:26 | Create | Skirmisher |
| 9:50 | Build | Farm |
| 10:02 | Create | Skirmisher |
Build order — Sanwald
75 actions detected in the replay
| 0:01 | Create | Villager (Male) ×4 |
| 0:20 | Build | Archery Range |
| 1:05 | Build | Archery Range |
| 1:14 | Research | Double-Bit Axe |
| 1:19 | Create | Archer |
| 1:29 | Create | Archer |
| 1:37 | Build | House |
| 1:37 | Build | House |
| 1:41 | Create | Villager (Male) |
| 2:06 | Research | Wheelbarrow |
| 2:07 | Create | Archer |
| 2:07 | Create | Archer |
| 2:14 | Build | Mill |
| 2:18 | Research | Fletching |
| 2:29 | Build | House |
| 2:30 | Build | House |
| 2:41 | Create | Archer |
| 2:42 | Create | Archer |
| 2:46 | Create | Villager (Male) |
| 2:48 | Build | Farm |
| 2:49 | Build | Farm |
| 3:07 | Create | Archer |
| 3:12 | Create | Villager (Male) |
| 3:14 | Build | Farm |
| 3:32 | Create | Archer |
| 3:32 | Create | Archer |
| 3:46 | Create | Villager (Male) |
| 3:49 | Build | Farm |
| 4:07 | Create | Archer |
| 4:07 | Create | Archer |
| 4:13 | Create | Villager (Male) |
| 4:18 | Build | Archery Range |
| 4:25 | Build | House |
| 4:26 | Build | House |
| 4:26 | Build | House |
| 4:28 | Build | Palisade Wall |
| 4:29 | Create | Villager (Male) |
| 4:30 | Create | Archer |
| 4:30 | Create | Archer |
| 4:51 | Create | Villager (Male) |
| 4:59 | Build | Mining Camp |
| 5:05 | Create | Villager (Male) |
| 5:20 | Create | Archer |
| 5:26 | Create | Villager (Male) |
| 5:29 | Build | Farm |
| 5:32 | Build | Farm |
| 5:34 | Build | Farm |
| 5:38 | Create | Archer |
| 6:07 | Create | Villager (Male) |
| 6:08 | Create | Archer |
| 6:18 | Create | Villager (Male) |
| 6:19 | Create | Archer |
| 6:19 | Create | Archer |
| 6:22 | Build | Farm |
| 6:39 | Create | Villager (Male) |
| 6:41 | Build | Farm |
| 6:44 | Build | Farm |
| 7:23 | Research | Castle Age |
| 7:25 | Research | Horse Collar |
| 8:07 | Build | Stable |
| 8:18 | Research | Gold Mining |
| 8:20 | Create | Archer |
| 8:20 | Create | Archer |
| 8:39 | Build | Stable |
| 8:57 | Build | Lumber Camp |
| 9:32 | Build | House |
| 9:33 | Build | House |
| 9:57 | Create | Archer |
| 9:57 | Create | Archer |
| 9:57 | Create | Archer |
| 10:03 | Age | Castle Age |
| 10:07 | Research | Bodkin Arrow |
| 10:08 | Research | Crossbowman (upgrade) |
| 10:09 | Create | Villager (Male) |
| 10:13 | Build | University |
Match timeline
| 0:20 | Sanwald · first_building Archery Range |
| 0:23 | Luis Jamoninton · first_building Donjon |
| 4:28 | Sanwald · wall_segment Palisade Wall x5 |
| 6:35 | Luis Jamoninton · first_building Archery Range |
| 8:07 | Sanwald · first_building Stable |
| 8:10 | Luis Jamoninton · first_market_buy 100 wood |
| 10:03 | Sanwald · age_up castle |
| 10:26 | Luis Jamoninton · resign |
[ AI ANALYSIS · 1 CREDIT ]
What really happened in this match?
Wolo.gg analyzes every decision: build order, eco, micro, common mistakes by bracket. Personalized analysis on WhatsApp or Discord in 30 seconds.
Civ guide
Sicilians
Map guide
Vulpine
Perfil
Jugador #4286371